 Dungeon Crawl Stone Soup version 0.21.0-25-ge575cb9 (webtiles) character file.

11087 teukkam the Fighter (level 11, -29/95 HPs)
             Began as a Gnoll Wanderer on Jan 23, 2018.
             Was a Believer of Wu Jian.
             Killed from afar by an ice dragon (60 damage)
             ... with a blast of cold
             ... on level 10 of the Dungeon on Jan 25, 2018.
             The game lasted 01:03:00 (9731 turns).

teukkam the Fighter (Gnoll Wanderer)                Turns: 9731, Time: 01:03:01

Health: -29/95     AC: 21    Str: 18    XL:     11   Next: 72%
Magic:  6/20       EV: 23    Int: 20    God:    Wu Jian [**....]
Gold:   459        SH:  0    Dex: 13    Spells: 14/22 levels left

rFire    + . .     SeeInvis .   b - +5 short sword "Tyqiol" {holy, +Fly}
rCold    x . .     Gourm    .   (no shield)
rNeg     . . .     Faith    .   c - +5 ring mail "Amioddi" {+Inv Int+6 Dex-5 Stlth+}
rPois    +         Spirit   .   H - +0 helmet "Qysoak" {rF+ rC- Regen+} (curse)
rElec    +         Reflect  .   u - +0 cloak
rCorr    .         Harm     .   d - +0 pair of gloves "Sadd" {rElec MR+ Regen+ Dex-2}
MR       +....     Clarity  +   j - +2 pair of boots
Stlth    +++++.....             (no amulet)
HPRegen  1.05/turn              V - ring of poison resistance
MPRegen  0.17/turn              U - +4 ring of evasion

@: agile, very slightly contaminated
A: distributed training, fangs 1, iridescent scales 1, clarity, strong nose
a: Wall Jump, Renounce Religion, Evoke Invisibility, Evoke Flight


You were on level 10 of the Dungeon.
You worshipped Wu Jian.
Wu Jian was pleased with you.
You were not hungry.

You visited 2 branches of the dungeon, and saw 12 of its levels.

You collected 459 gold pieces.

Inventory:

Hand Weapons
 a - a +2 hand crossbow
 b - the +5 short sword "Tyqiol" (weapon) {holy, +Fly}
   (You found it on level 4 of the Dungeon)

   It has been blessed by the Shining One to cause great damage to the undead
   and demons.
   It lets you fly.
 t - a +2 quarterstaff of chaos
 x - a +1 dagger of freezing
 B - a +1 dagger of venom
 Z - a +2 whip of electrocution
Missiles
 g - 54 bolts
 w - 2 javelins of returning (quivered)
 y - 18 tomahawks
 D - 8 javelins
Armour
 c - the +5 ring mail "Amioddi" (worn) {+Inv Int+6 Dex-5 Stlth+}
   (You found it on level 7 of the Dungeon)

   It affects your intelligence (+6).
   It affects your dexterity (-5).
   It lets you turn invisible.
   It makes you more stealthy.
 d - the +0 pair of gloves "Sadd" (worn) {rElec MR+ Regen+ Dex-2}
   (You found it on level 6 of the Dungeon)

   It affects your dexterity (-2).
   It insulates you from electricity.
   It affects your resistance to hostile enchantments.
   It increases your rate of regeneration.
 j - a +2 pair of boots (worn)
 u - a +0 cloak (worn)
 E - a +1 ring mail of fire resistance
 H - the cursed +0 helmet "Qysoak" (worn) {rF+ rC- Regen+}
   (You found it on level 5 of the Dungeon)

   It protects you from fire.
   It makes you vulnerable to cold.
   It increases your rate of regeneration.
   It has a curse placed upon it.
Magical Staves
 K - an uncursed staff of power
 O - an uncursed staff of cold
Jewellery
 e - an uncursed ring of protection from magic
 U - a +4 ring of evasion (right hand)
 V - a ring of poison resistance (left hand)
Wands
 o - a wand of polymorph (25)
 F - a wand of paralysis (17)
 S - a wand of random effects (25)
Scrolls
 i - 9 scrolls of identify
 l - 3 scrolls of remove curse
 m - 3 scrolls of amnesia
 n - 3 scrolls of fog
 C - 2 scrolls of immolation {unknown}
 G - 2 scrolls of fear {unknown}
 J - 2 scrolls of enchant armour
 P - 3 scrolls of magic mapping
 Q - 2 scrolls of enchant weapon {unknown}
 R - 2 scrolls of vulnerability {unknown}
Potions
 s - 2 potions of flight
 I - a potion of mutation
 L - a potion of agility
 M - a potion of invisibility {unknown}
 W - a potion of lignification
 Y - a potion of curing
Books
 h - a book of Spatial Translocations

   Spells                             Type                      Level
   a - Blink                          Translocation                2
   b - Shroud of Golubria             Charms/Translocation         2
   c - Lesser Beckoning               Translocation                3
   d - Gell's Gravitas                Translocation                3
   e - Teleport Other                 Translocation                3
   f - Passage of Golubria            Translocation                4
 p - a book of Clouds

   Spells                             Type                      Level
   a - Poisonous Vapours              Poison/Air                   2
   b - Mephitic Cloud                 Conjuration/Poison/Air       3
   c - Conjure Flame                  Conjuration/Fire             3
   d - Freezing Cloud                 Conjuration/Ice/Air          6
   e - Ring of Flames                 Charms/Fire                  7
 A - a book of Frost

   Spells                             Type                      Level
   a - Freeze                         Ice                          1
   b - Throw Frost                    Conjuration/Ice              2
   c - Ozocubu's Armour               Charms/Ice                   3
   d - Throw Icicle                   Conjuration/Ice              4
   e - Summon Ice Beast               Ice/Summoning                4
 N - a book of Misfortune

   Spells                             Type                      Level
   a - Confusing Touch                Hexes                        1
   b - Confuse                        Hexes                        3
   c - Gell's Gravitas                Translocation                3
   d - Petrify                        Transmutation/Earth          4
   e - Metabolic Englaciation         Hexes/Ice                    5
   f - Yara's Violent Unravelling     Hexes/Transmutation          5
Comestibles
 f - 15 rations
 k - 2 chunks of flesh


   Skills:
 + Level 12.0 Fighting
 + Level 6.4 Short Blades
 + Level 6.4 Long Blades
 + Level 6.4 Axes
 + Level 6.4 Maces & Flails
 + Level 6.4 Polearms
 + Level 6.4 Staves
 + Level 6.4 Slings
 + Level 6.4 Bows
 + Level 7.0 Crossbows
 + Level 6.4 Throwing
 + Level 8.0 Armour
 + Level 6.4 Dodging
 + Level 6.4 Stealth
 + Level 7.0 Shields
 + Level 6.4 Unarmed Combat
 + Level 6.4 Spellcasting
 + Level 5.3 Conjurations
 + Level 5.3 Hexes
 + Level 5.3 Charms
 + Level 5.3 Summonings
 + Level 5.3 Necromancy
 + Level 5.3 Translocations
 + Level 5.3 Transmutations
 + Level 5.3 Fire Magic
 + Level 5.3 Ice Magic
 + Level 5.3 Air Magic
 + Level 5.3 Earth Magic
 + Level 5.3 Poison Magic
 + Level 7.1 Invocations
 + Level 7.0 Evocations


You had 14 spell levels left.
You knew the following spells:

 Your Spells              Type           Power        Failure   Level  Hunger
a - Freeze                Ice            ####         1%          1    None
b - Poisonous Vapours     Pois/Air       ####..       2%          2    None
c - Confuse               Hex            ####....     5%          3    ##.....
d - Blink                 Tloc           N/A          2%          2    None


Dungeon Overview and Level Annotations

Branches:
Dungeon (11/15)            Temple (1/1) D:7            Lair (0/6) D:11
    Orc (0/2) D:10

Altars:
Ashenzari
Cheibriados
Dithmenos
Elyvilon
Fedhas
Gozag
Hepliaklqana
Kikubaaqudgha
Nemelex Xobeh
Okawaru
Qazlal
Ru
Sif Muna
Trog
Uskayaw
Vehumet
Wu Jian
Xom
Yredelemnul
Zin
The Shining One
Beogh

Annotations:
D:10 1 runed door


Innate Abilities, Weirdness & Mutations

Your experience applies equally to all skills.
You have very sharp teeth.
Your uncanny sense of smell can sniff out nearby items.
You are partially covered in iridescent scales. (AC +2)
You possess an exceptional clarity of mind.


Message History

Casting: Confuse
Confirm with . or Enter, or press ? or * to list all spells.
Aiming: Freeze
Press: ? - help, Shift-Dir - straight line, f/p - fire dragon
Aim: a fire dragon You freeze the fire dragon.
The fire dragon is frozen!
The fire dragon is lightly wounded.
The fire dragon breathes flames at you. The blast of flame hits you!
You resist.
* * * LOW HITPOINT WARNING * * *
Okay, then.
Casting: Freeze
Confirm with . or Enter, or press ? or * to list all spells.
You blink.
It was a potion of agility.
You feel agile all of a sudden. The ice dragon breathes frost at you.
The blast of cold hits you!
You feel a terrible chill!
Ouch! That really hurt!
You die...

..#...#........###...#
.)#...#.###....# #...#
..#...#.###....###...#
..#...#.D....D.......#
####'#########.......#
.#.....#.....#.D.....#
.#.###.#.....#.......#
.#.# #.#.....#....##.#
##.###.#.....#..@.##.#
.......#.....#....##.#
..##+###.....#....##.#
..#...##.....'....##.#
..#...##.....#....##.#
..#...##.....#.......#
.(#...########.....).#
###...#######........#
#.....#.....#........#


You could see a fire dragon and an ice dragon.

Vanquished Creatures
  A hydra (D:10)
  2 two-headed ogres (D:9)
  Nergalle (D:9)
  An orc knight (D:10)
  Maurice (D:10)
  2 orange demons (D:11)
  2 red devils (D:11)
  A troll (D:11)
  2 hippogriffs
  A wyvern (D:8)
  6 yaks (D:10)
  5 orc warriors
  A sky beast (D:8)
  2 black bears
  2 ice beasts
  3 phantoms
  A tengu (D:5)
  A necrophage (D:5)
  4 ogres
  The ghost of Mgcat the Ruffian, an amateur DrTm (D:3)
  3 wolves
  8 centaurs
  A crocodile (D:3)
  3 bullfrogs
  A water moccasin zombie (D:6)
  A water moccasin skeleton (D:5)
  4 scorpions
  5 wights (D:6)
  5 howler monkeys
  2 centaur zombies
  2 crimson imps
  10 hounds
  2 bullfrog zombies
  2 bullfrog skeletons
  2 jellies (D:9)
  2 centaur skeletons
  2 quasits
  7 orc priests
  9 orc wizards
  2 iguanas
  6 worker ants
  A worker ant zombie (D:5)
  7 adders
  A shadow imp (D:10)
  2 oozes
  An adder skeleton (D:9)
  6 worms
  3 dart slugs
  5 leopard geckos
  54 orcs
  5 giant cockroaches
  11 goblins
  2 hobgoblins
  7 jackals
  8 kobolds
  2 quokkas
  8 bats
  5 frilled lizards
  4 rats
251 creatures vanquished.

Notes
Turn   | Place    | Note
-------+----------+-------------------------------------------
     0 | D:1      | Reached skill level 10 in Fighting
     0 | D:1      | teukkam the Gnoll Wanderer began the quest for the Orb.
     0 | D:1      | teukkam set off with: a +2 hand crossbow, 20 bolts, a +0 ring mail, a scroll of teleportation, a ration
     0 | D:1      | Reached XP level 1. HP: 28/28 MP: 2/2
    73 | D:1      | Reached XP level 2. HP: 30/36 MP: 3/3
   541 | D:2      | Reached XP level 3. HP: 42/42 MP: 4/4
   674 | D:2      | Found a glowing silver altar of Zin.
   723 | D:2      | Found a basalt altar of Yredelemnul.
   728 | D:2      | Noticed a profane servitor
   733 | D:2      | Reached skill level 1 in Invocations
   749 | D:2      | Found a glowing golden altar of the Shining One.
   752 | D:2      | Noticed an angel
  1211 | D:2      | Reached skill level 1 in Short Blades
  1211 | D:2      | Reached skill level 1 in Long Blades
  1211 | D:2      | Reached skill level 1 in Axes
  1211 | D:2      | Reached skill level 1 in Maces & Flails
  1211 | D:2      | Reached skill level 1 in Polearms
  1211 | D:2      | Reached skill level 1 in Staves
  1211 | D:2      | Reached skill level 1 in Slings
  1211 | D:2      | Reached skill level 1 in Bows
  1211 | D:2      | Reached skill level 1 in Throwing
  1211 | D:2      | Reached skill level 1 in Dodging
  1211 | D:2      | Reached skill level 1 in Stealth
  1211 | D:2      | Reached skill level 1 in Unarmed Combat
  1211 | D:2      | Reached skill level 1 in Spellcasting
  1450 | D:2      | Reached XP level 4. HP: 48/48 MP: 6/6
  1458 | D:2      | Found a shadowy altar of Dithmenos.
  1528 | D:2      | Found a deep blue altar of Sif Muna.
  1695 | D:3      | Reached skill level 1 in Conjurations
  1695 | D:3      | Reached skill level 1 in Hexes
  1695 | D:3      | Reached skill level 1 in Charms
  1695 | D:3      | Reached skill level 1 in Summonings
  1695 | D:3      | Reached skill level 1 in Necromancy
  1695 | D:3      | Reached skill level 1 in Translocations
  1695 | D:3      | Reached skill level 1 in Transmutations
  1695 | D:3      | Reached skill level 1 in Fire Magic
  1695 | D:3      | Reached skill level 1 in Ice Magic
  1695 | D:3      | Reached skill level 1 in Air Magic
  1695 | D:3      | Reached skill level 1 in Earth Magic
  1695 | D:3      | Reached skill level 1 in Poison Magic
  1712 | D:3      | Reached XP level 5. HP: 42/54 MP: 7/7
  1832 | D:3      | Noticed Mgcat's ghost (amateur DrTm)
  1854 | D:3      | HP: 2/54 [Mgcat's ghost (8)]
  1857 | D:3      | Killed Mgcat's ghost
  2392 | D:3      | Found a runed door.
  2397 | D:3      | Noticed Crazy Yiuf
  2398 | D:3      | Noticed Crazy Yiuf
  2398 | D:3      | Crazy Yiuf changed into Crazy Yiuf the crocodile
  2406 | D:3      | Killed Crazy Yiuf the crocodile
  2406 | D:3      | Reached XP level 6. HP: 49/61 MP: 8/8
  2536 | D:3      | Found a sparkling altar of Nemelex Xobeh.
  2538 | D:3      | Found a hazy altar of Hepliaklqana.
  2608 | D:4      | Reached skill level 5 in Armour
  2737 | D:4      | Noticed a phantom
  2764 | D:4      | Killed a phantom
  2764 | D:4      | Reached XP level 7. HP: 67/67 MP: 10/10
  3060 | D:4      | Got a faintly glowing short sword
  3062 | D:4      | Identified the +5 short sword "Tyqiol" {holy, +Fly} (You found it on level 4 of the Dungeon)
  3087 | D:4      | Found a snail-covered altar of Cheibriados.
  3278 | D:5      | Entered Level 5 of the Dungeon
  3485 | D:5      | Reached XP level 8. HP: 61/74 MP: 12/12
  3619 | D:6      | Found a white marble altar of Elyvilon.
  3670 | D:6      | Noticed Eustachio
  3671 | D:6      | Noticed Eustachio
  3671 | D:6      | Eustachio changed into Eustachio the wolf
  3684 | D:6      | Killed Eustachio the wolf
  4007 | D:6      | Got a pair of encrusted gloves
  4047 | D:6      | Identified the +0 pair of gloves "Sadd" {rElec MR+ Regen+ Dex-2} (You found it on level 6 of the Dungeon)
  4093 | D:6      | Found an opulent altar of Gozag.
  4212 | D:6      | Found an ancient bone altar of Kikubaaqudgha.
  4277 | D:6      | Reached XP level 9. HP: 79/79 MP: 14/14
  4326 | D:5      | Reached skill level 11 in Fighting
  4330 | D:5      | Got a pitted helmet
  4336 | D:5      | Identified the cursed +0 helmet "Qysoak" {rF+ rC- Regen+} (You found it on level 5 of the Dungeon)
  5100 | D:7      | Found a staircase to the Ecumenical Temple.
  5106 | D:7      | Got a transparent ring mail
  5116 | Temple   | Entered the Ecumenical Temple
  5127 | Temple   | Identified the +5 ring mail "Amioddi" {+Inv Int+6 Dex-5 Stlth+} (You found it on level 7 of the Dungeon)
  5157 | Temple   | Became a worshipper of Ru the Awakened
  5215 | D:7      | Reached skill level 5 in Crossbows
  5215 | D:7      | Reached skill level 5 in Shields
  5215 | D:7      | Reached skill level 5 in Evocations
  5254 | D:7      | Learned a level 1 spell: Freeze
  5313 | D:7      | Noticed a hand axe
  5315 | D:7      | Noticed a dagger
  5317 | D:7      | Found a hide-covered altar of Uskayaw.
  5700 | D:8      | Reached skill level 5 in Invocations
  5727 | D:8      | Reached XP level 10. HP: 73/88 MP: 13/17
  5759 | D:8      | Found an ornate altar of the Wu Jian Council.
  5766 | D:8      | Fell from the grace of Ru
  5766 | D:8      | Became a worshipper of the Wu Jian Council
  5808 | D:8      | Learned a level 2 spell: Poisonous Vapours
  6498 | D:9      | Found a blossoming altar of Fedhas.
  6681 | D:9      | Noticed a two-headed ogre
  6700 | D:9      | Reached skill level 5 in Short Blades
  6700 | D:9      | Reached skill level 5 in Long Blades
  6700 | D:9      | Reached skill level 5 in Axes
  6700 | D:9      | Reached skill level 5 in Maces & Flails
  6700 | D:9      | Reached skill level 5 in Polearms
  6700 | D:9      | Reached skill level 5 in Staves
  6700 | D:9      | Reached skill level 5 in Slings
  6700 | D:9      | Reached skill level 5 in Bows
  6700 | D:9      | Reached skill level 5 in Throwing
  6700 | D:9      | Reached skill level 5 in Dodging
  6700 | D:9      | Reached skill level 5 in Stealth
  6700 | D:9      | Reached skill level 5 in Unarmed Combat
  6700 | D:9      | Reached skill level 5 in Spellcasting
  6721 | D:9      | Killed a two-headed ogre
  7245 | D:9      | Noticed a two-headed ogre
  7265 | D:9      | Killed a two-headed ogre
  7454 | D:10     | Entered Level 10 of the Dungeon
  7454 | D:10     | Noticed Nergalle
  7479 | D:9      | Killed Nergalle
  7485 | D:9      | Learned a level 3 spell: Confuse
  7666 | D:10     | Noticed a fire dragon
  7670 | D:10     | Noticed a fire dragon
  7670 | D:10     | Noticed an ice dragon
  7670 | D:10     | Found a runed door.
  7670 | D:10     | Noticed an ice dragon
  7671 | D:10     | Found the +2 shield of Resistance {rF+ rC+ MR+}
  7671 | D:10     | Found a runed door.
  7729 | D:10     | Reached XP level 11. HP: 95/95 MP: 19/19
  7757 | D:10     | Reached * piety under Wu Jian
  7938 | D:10     | Noticed Maurice
  7948 | D:10     | Gained mutation: You possess an exceptional clarity of mind. [potion of mutation]
  7948 | D:10     | Gained mutation: You are partially covered in iridescent scales. (AC +2) [potion of mutation]
  7973 | D:10     | Killed Maurice
  7986 | D:10     | Noticed a six-headed hydra
  8049 | D:10     | Killed a six-headed hydra
  8259 | D:10     | Reached skill level 5 in Conjurations
  8259 | D:10     | Reached skill level 5 in Hexes
  8259 | D:10     | Reached skill level 5 in Charms
  8259 | D:10     | Reached skill level 5 in Summonings
  8259 | D:10     | Reached skill level 5 in Necromancy
  8259 | D:10     | Reached skill level 5 in Translocations
  8259 | D:10     | Reached skill level 5 in Transmutations
  8259 | D:10     | Reached skill level 5 in Fire Magic
  8259 | D:10     | Reached skill level 5 in Ice Magic
  8259 | D:10     | Reached skill level 5 in Air Magic
  8259 | D:10     | Reached skill level 5 in Earth Magic
  8259 | D:10     | Reached skill level 5 in Poison Magic
  8842 | D:11     | Reached ** piety under Wu Jian
  8908 | D:11     | Learned a level 2 spell: Blink
  9014 | D:11     | Found a staircase to the Lair.
  9173 | D:10     | Noticed an orc knight
  9352 | D:10     | Found a roughly hewn altar of Beogh.
  9353 | D:10     | Found a staircase to the Orcish Mines.
  9411 | D:10     | Killed an orc knight
  9411 | D:10     | Reached skill level 12 in Fighting
  9731 | D:10     | Killed from afar by an ice dragon

Skill      XL: |  1  2  3  4  5  6  7  8  9 10 11 |
---------------+----------------------------------+-----
Fighting       | 11 12 | 12.0
Invocations    | 1 2 3 4 5 6 7 |  7.1
Short Blades   | 1 2 3 4 5 6 |  6.4
Long Blades    | 1 2 3 4 5 6 |  6.4
Axes           | 1 2 3 4 5 6 |  6.4
Maces & Flails | 1 2 3 4 5 6 |  6.4
Polearms       | 1 2 3 4 5 6 |  6.4
Staves         | 1 2 3 4 5 6 |  6.4
Slings         | 1 2 3 4 5 6 |  6.4
Bows           | 1 2 3 4 5 6 |  6.4
Throwing       | 1 2 3 4 5 6 |  6.4
Dodging        | 1 2 3 4 5 6 |  6.4
Stealth        | 1 2 3 4 5 6 |  6.4
Unarmed Combat | 1 2 3 4 5 6 |  6.4
Spellcasting   | 1 2 3 4 5 6 |  6.4
Conjurations   | 1 2 3 4 5 |  5.3
Hexes          | 1 2 3 4 5 |  5.3
Charms         | 1 2 3 4 5 |  5.3
Summonings     | 1 2 3 4 5 |  5.3
Necromancy     | 1 2 3 4 5 |  5.3
Translocations | 1 2 3 4 5 |  5.3
Transmutations | 1 2 3 4 5 |  5.3
Fire Magic     | 1 2 3 4 5 |  5.3
Ice Magic      | 1 2 3 4 5 |  5.3
Air Magic      | 1 2 3 4 5 |  5.3
Earth Magic    | 1 2 3 4 5 |  5.3
Poison Magic   | 1 2 3 4 5 |  5.3
Crossbows      | 3 4 5 6 7 |  7.0
Shields        | 3 4 5 6 7 |  7.0
Evocations     | 3 4 5 6 7 |  7.0
Armour         | 5 6 7 8 |  8.0

Action                   |  1- 3 |  4- 6 |  7- 9 | 10-12 || total
-------------------------+-------+-------+-------+-------++-------
Melee: Short sword       |    65 |    35 |   275 |   412 ||   787
       Bite              |     7 |    12 |    33 |    46 ||    98
       Dagger            |       |    52 |    24 |       ||    76
       Punch             |       |     1 |     7 |     7 ||    15
 Fire: Hand crossbow     |    34 |    27 |    55 |    44 ||   160
Throw: Tomahawk          |       |     1 |     1 |    14 ||    16
       Javelin           |       |       |       |    16 ||    16
 Cast: Freeze            |       |       |     2 |     7 ||     9
       Poisonous Vapours |       |       |       |    41 ||    41
       Confuse           |       |       |       |    17 ||    17
       Blink             |       |       |       |     5 ||     5
Invok: Lunge             |       |       |       |    39 ||    39
       Whirlwind         |       |       |       |   100 ||   100
       Wall Jump         |       |       |       |    16 ||    16
Evoke: Wand              |       |     1 |     5 |    15 ||    21
       Phantom mirror    |       |       |       |     1 ||     1
  Use: Scroll            |       |     4 |     7 |     3 ||    14
       Potion            |       |     5 |     5 |    10 ||    20
 Stab: Sleeping          |       |     1 |     2 |     8 ||    11
       Confused          |       |       |     1 |     1 ||     2
       Distracted        |       |       |       |     3 ||     3
  Eat: Chunk             |     2 |     2 |     2 |     3 ||     9
       Ration            |       |     1 |     2 |     3 ||     6
Armor: Ring mail         |    29 |    35 |   144 |   141 ||   349
       Skin              |       |       |     9 |       ||     9
Dodge: Dodged            |    47 |    35 |   212 |   280 ||   574
